Map: Chantier naval orbital

Players

Angora - Winner!

  • Race: Terran Terran
  • League: Diamond

IIIIIIIIIIII

  • Race: Protoss Protoss
  • League: Diamond

VOD

Have the link to the VOD?

Description

Time

  • Played on: Sept. 8, 2015, 4:11 p.m.
  • Length: 12:14
Show
View Real Time Build Order
Export as new Build Order

Angora Terran - Winner!

Build Orders: MMM Bio 

Get SALT Encoding   

  12  0:01  SCV  
  13  0:13  SCV  
  14  0:17  Supply Depot  
  14  0:25  SCV  
  15  0:39  SCV  
  15  0:40  Barracks  
  16  0:51  SCV  
  17  1:03  SCV  
  18  1:15  Command Center  
  18  1:18  SCV  
  19  1:29  Marine  
  19  1:32  Orbital Command  
  20  1:41  Supply Depot  
  20  1:47  Marine  
  21  1:55  Barracks  
  21  1:59  SCV  
  22  2:05  Marine  
  23  2:11  SCV  
  24  2:15  Barracks  
  24  2:22  Marine  
  24  2:23  SCV  
  24  2:29  Barracks  
  26  2:34  Orbital Command  
  26  2:42  SCV  
  26  2:43  Barracks  
  27  2:46  Marine  
  27  2:51  Marine  
  29  2:54  SCV  
  29  2:57  Engineering Bay  
  29  3:03  Marine  
  30  3:08  SCV, Bunker  
  30  3:09  SCV  
  32  3:12  Marine  
  32  3:14  Marine  
  34  3:20  SCV  
  34  3:28  SCV, Marine x2  
  34  3:33  Missile Turret  
  34  3:34  Missile Turret  
  37  3:35  SCV  
  38  3:41  Missile Turret  
  38  3:44  SCV  
  38  3:45  Refinery x2  
  39  3:50  Marine  
  39  3:51  Marine  
  39  3:52  SCV  
  42  3:57  SCV  
  42  4:04  SCV  
  42  4:06  Marine x2  
  42  4:09  SCV  
  45  4:15  Supply Depot, Marine  
  46  4:19  Supply Depot  
  46  4:23  SCV x2, Marine  
  49  4:24  Marine  
  49  4:28  Refinery  
  50  4:35  SCV x2  
  52  4:39  Barracks Tech Lab  
  52  4:43  Marine  
  52  4:44  Marine x2  
  55  4:47  SCV  
  55  4:52  SCV  
  57  4:57  Command Center  
  57  4:58  Stimpack  
  57  5:00  Factory  
  57  5:01  Marine x2  
  57  5:02  SCV  
  57  5:04  SCV  
  60  5:12  Marine x2  
  61  5:14  SCV  
  61  5:16  SCV  
  61  5:20  Marine  
  64  5:26  SCV  
  64  5:28  Supply Depot, SCV  
  65  5:36  Marine  
  65  5:37  Marine  
  65  5:38  SCV  
  65  5:41  SCV  
  67  5:50  SCV  
  67  5:53  SCV  
  67  5:55  Marine  
  65  5:59  Marine x3  
  65  6:01  Factory Reactor, Starport  
  65  6:02  SCV  
  67  6:05  SCV  
  67  6:08  Barracks  
  66  6:12  Missile Turret  
  66  6:13  Marine x2  
  66  6:14  Barracks  
  66  6:15  SCV  
  66  6:16  Orbital Command  
  66  6:17  SCV, Marine  
  67  6:20  Terran Infantry Armor Level 1, Engineering Bay  
  67  6:26  Supply Depot, Marine  
  67  6:27  SCV, Refinery  
  67  6:29  SCV  
  70  6:39  SCV  
  69  6:41  SCV, Marine  
  69  6:43  SCV  
  70  6:49  Terran Infantry Weapons Level 1  
  70  6:51  SCV  
  70  6:53  SCV  
  71  6:55  SCV, Marine x2, Medivac  
  71  6:56  Marine  
  71  7:01  Refinery  
  77  7:03  SCV  
  77  7:05  Supply Depot, SCV  
  77  7:07  SCV  
  80  7:12  Marine x2  
  80  7:15  SCV  
  83  7:17  SCV  
  83  7:19  SCV  
  83  7:20  Factory Reactor  
  85  7:25  Combat Shields  
  85  7:27  SCV  
  85  7:28  Barracks Reactor x2, Barracks Tech Lab  
  85  7:29  Barracks Reactor, SCV  
  87  7:31  SCV  
  87  7:33  Refinery  
  87  7:35  Command Center  
  88  7:39  Supply Depot, Armory, SCV  
  88  7:41  Supply Depot  
  88  7:42  SCV  
  88  7:43  SCV  
  91  7:45  Medivac  
  91  7:49  Barracks Tech Lab  
  91  7:51  SCV, Marauder  
  95  7:53  Marine  
  95  7:54  SCV  
  95  7:55  SCV, Barracks  
  95  7:56  Supply Depot  
  100  8:03  Command Center, SCV  
  100  8:05  Missile Turret  
  100  8:06  SCV  
  100  8:07  SCV, Marine x2  
  100  8:08  Starport  
  100  8:09  Barracks Reactor  
  100  8:11  Marauder  
  100  8:12  Marauder  
  108  8:13  Missile Turret  
  108  8:15  SCV  
  108  8:16  Medivac  
  108  8:18  SCV, Marine  
  108  8:19  SCV  
  114  8:28  SCV, Marine x5  
  114  8:29  Widow Mine, Marine  
  114  8:30  SCV, Liberator x2  
  114  8:31  Barracks Reactor  
  114  8:32  Marine  
  114  8:33  Marine  
  126  8:36  Marine  
  127  8:46  Starport Reactor  
  133  8:56  Marine x2  
  133  8:59  Marine x2  
  133  9:00  Widow Mine x2, Marine x5  
  133  9:02  Command Center, Terran Ship Weapons Level 1  
  146  9:07  Terran Infantry Weapons Level 2  
  146  9:14  Liberator  
  146  9:16  Marine x4  
  149  9:17  Marine x2, Terran Infantry Armor Level 2  
  149  9:22  Planetary Fortress  
  149  9:23  Missile Turret  
  149  9:24  Liberator  
  151  9:26  Marine  
  151  9:27  Marine x4  
  151  9:29  Widow Mine  
  158  9:33  Refinery  
  158  9:34  Marine x3  
  158  9:37  Missile Turret  
  164  9:39  Missile Turret  
  164  9:42  Marine x2  
  164  9:43  Marine  
  164  9:44  Marine x2  
  164  9:45  Marine  
  173  9:46  Marine  
  173  9:47  Marine  
  173  9:51  Marine x2  
  173  9:52  Marine  
  178  9:59  SCV, Planetary Fortress  
  179  10:07  Missile Turret  
  179  10:08  Refinery  
  179  10:11  Refinery  
  179  10:13  Widow Mine x2  
  179  10:14  Marine x11  
  184  10:17  Liberator  
  184  10:18  Liberator x3  
  194  10:23  SCV  
  194  10:24  SCV  
  173  10:31  Marine x6  
  173  10:32  Marine x2  
  173  10:33  Marine  
  173  10:34  Marine x2  
  182  10:38  Orbital Command  
  182  10:46  Refinery  
  182  10:47  Command Center  
  182  10:48  Widow Mine x2  
  182  10:49  Marine x2  
  188  10:52  Starport  
  188  10:58  Marine x6  
  194  11:05  Supply Depot  
  194  11:19  Marine  
  194  11:24  Missile Turret x2  
  194  11:25  Missile Turret, Marine x2  
  181  11:26  Marine x2  
  181  11:31  Marine x2  
  181  11:32  Marine x2  
  173  11:36  Marine x2  
  173  11:37  Marine  
  173  11:38  SCV  
  166  11:40  Widow Mine x2  
  166  11:43  Marine x2  
  166  11:44  Marine x2  
  170  11:48  Marine x2  
  170  11:49  SCV, Marine  
  170  11:50  Marine  
  170  11:54  Marine x2  
  169  11:55  Marine  
  169  12:01  SCV  
Show
View Real Time Build Order
Export as new Build Order

IIIIIIIIIIII Protoss 

Build Orders: Oracle Opening 

Get SALT Encoding   

  12  0:00  Probe (Chrono Boost)  
  13  0:10  Probe (Chrono Boost)  
  14  0:18  Pylon  
  14  0:20  Probe (Chrono Boost)  
  15  0:36  Probe (Chrono Boost)  
  15  0:38  Gateway  
  16  0:45  Assimilator  
  16  0:46  Probe (Chrono Boost)  
  17  0:53  Assimilator  
  17  0:56  Probe (Chrono Boost)  
  18  1:06  Probe (Chrono Boost)  
  19  1:13  Pylon  
  19  1:16  Probe (Chrono Boost)  
  20  1:27  Probe (Chrono Boost)  
  20  1:28  Cybernetics Core  
  21  1:37  Probe (Chrono Boost)  
  22  1:47  Probe (Chrono Boost)  
  23  1:57  Probe (Chrono Boost)  
  24  2:07  Probe (Chrono Boost)  
  25  2:12  Nexus  
  25  2:17  Probe (Chrono Boost)  
  25  2:18  Warp Gate  
  26  2:23  Adept (Chrono Boost)  
  26  2:27  Probe (Chrono Boost)  
  29  2:33  Pylon  
  29  2:38  Probe  
  30  2:50  Mothership Core (Chrono Boost)  
  32  2:52  Adept (Chrono Boost)  
  34  3:01  Stargate  
  34  3:09  Probe (Chrono Boost)  
  35  3:19  Probe (Chrono Boost)  
  36  3:26  Probe (Chrono Boost)  
  37  3:29  Probe (Chrono Boost)  
  38  3:36  Probe (Chrono Boost)  
  38  3:39  Probe (Chrono Boost)  
  40  3:43  Nexus  
  40  3:45  Probe (Chrono Boost), Oracle (Chrono Boost)  
  44  3:55  Probe  
  46  4:05  Probe  
  46  4:07  Probe  
  45  4:11  Gateway  
  45  4:14  Pylon  
  45  4:16  Pylon  
  45  4:20  Probe  
  45  4:21  Probe  
  45  4:23  Phoenix (Chrono Boost)  
  49  4:30  Probe  
  49  4:33  Probe  
  49  4:37  Assimilator  
  49  4:38  Robotics Facility  
  51  4:40  Probe  
  51  4:43  Pylon  
  52  4:46  Probe  
  52  4:47  Fleet Beacon  
  52  4:50  Probe  
  54  4:53  Probe, Adept  
  54  4:58  Probe  
  58  5:00  Probe  
  58  5:03  Probe  
  60  5:12  Probe  
  61  5:16  Adept  
  61  5:20  Pylon  
  61  5:21  Pylon  
  63  5:24  Phoenix (Chrono Boost)  
  63  5:27  Immortal  
  63  5:28  Probe  
  69  5:30  Probe  
  71  5:41  Adept x2  
  73  5:54  Probe  
  73  5:56  Probe  
  68  6:02  Mothership Core  
  64  6:04  Adept x2  
  64  6:05  Carrier (Chrono Boost)  
  68  6:13  Probe  
  68  6:15  Probe  
  68  6:17  Assimilator x2  
  70  6:19  Assimilator  
  70  6:21  Probe, Pylon  
  70  6:23  Probe, Pylon  
  78  6:27  Probe  
  78  6:31  Probe  
  79  6:33  Probe  
  79  6:37  Adept x2  
  79  6:39  Probe  
  86  6:42  Probe  
  87  6:48  Probe  
  87  6:51  Probe  
  89  6:55  Probe  
  89  6:58  Stargate  
  90  7:01  Probe  
  90  7:03  Gateway, Probe  
  90  7:04  Forge  
  90  7:05  Carrier (Chrono Boost)  
  90  7:06  Probe  
  93  7:09  Pylon  
  93  7:11  Probe  
  93  7:12  Adept x2  
  93  7:13  Pylon  
  98  7:21  Protoss Air Weapons Level 1  
  95  7:27  Observer  
  102  7:34  Gateway, Protoss Shields Level 1 (Chrono Boost)  
  102  7:35  Gateway  
  102  7:36  Gateway, Adept x2  
  106  7:41  Carrier  
  106  7:42  Graviton Catapult  
  106  7:47  Photon Cannon  
  106  7:48  Pylon, Photon Cannon  
  106  7:57  Observer  
  107  8:03  Carrier  
  113  8:05  Zealot x3  
  119  8:19  Photon Cannon  
  119  8:26  Zealot x3  
  131  8:33  Pylon  
  131  8:34  Twilight Council, Pylon  
  131  8:36  Pylon  
  131  8:40  Sentry  
  133  8:48  Pylon  
  133  8:49  Pylon  
  133  8:52  Gateway, Nexus, Warp Prism  
  133  8:54  Gateway  
  135  8:55  Gateway  
  135  8:59  Pylon, Zealot x2  
  135  9:01  Zealot  
  141  9:04  Pylon  
  141  9:07  Zealot x2  
  145  9:16  Zealot  
  147  9:18  Protoss Ground Weapons Level 1 (Chrono Boost)  
  147  9:21  Pylon, Charge  
  147  9:22  Carrier  
  147  9:33  Zealot x5  
  163  9:51  Templar Archives  
  163  9:56  Assimilator  
  163  9:59  Protoss Air Weapons Level 2 (Chrono Boost)  
  161  10:00  Assimilator  
  153  10:12  Immortal  
  153  10:14  Zealot x4  
  165  10:27  Adept x2  
  157  10:34  Psionic Storm  
  149  10:35  Zealot x3  
  149  10:40  High Templar x2  
  159  10:45  High Templar x2  
  163  10:51  Warp Prism  
  165  10:59  High Templar x2  
  169  11:12  High Templar x2  
  169  11:14  Zealot x2  
  169  11:15  Archon  
  169  11:16  Archon x2  
  169  11:17  Archon  
  173  11:21  Zealot x3  
  154  11:33  Zealot  
  138  11:42  Zealot  
  138  11:44  High Templar  
  96  11:59  High Templar x4  
  96  12:00  Zealot x3  
  92  12:03  Archon x2  
  92  12:05  Zealot  
Tags
 
Add a new tag
Caveats
  • Supply blocks, unpowered buildings, or Contaminate may cause inaccurate times.
  • Supply counts are checked every 10 seconds.